 Dungeon Crawl Stone Soup version 0.24.0-35-gdb84b6a5db (webtiles) character file.

Game seed: 7435975666983689358, levelgen mode: deterministic

120 DildoBatman the Conjurer (level 5, -1/35 HPs)
             Began as a Formicid Wizard on Nov 20, 2019.
             Slain by a centaur (6 damage)
             ... on level 3 of the Dungeon.
             The game lasted 00:08:04 (3329 turns).

DildoBatman the Conjurer (Formicid Wizard)          Turns: 3329, Time: 00:08:04

Health: -1/35      AC:  5    Str: 11    XL:     5   Next: 25%
Magic:  2/9        EV: 12    Int: 19    God:
Gold:   124        SH:  0    Dex:  9    Spells: 3/10 levels left

rFire    . . .     SeeInvis +   j - -2 whip (curse)
rCold    . . .     Gourm    .   (no shield)
rNeg     . . .     Faith    .   a - +0 robe
rPois    .         Spirit   .   (helmet unavailable)
rElec    .         Reflect  .   f - +2 cloak
rCorr    .         Harm     .   (no gloves)
MR       .....                  (no boots)
Stlth    ++........             (no amulet)
HPRegen  0.11/turn              (no ring)
MPRegen  0.11/turn              (no ring)

@: no status effects
A: permanent stasis, dig shafts and tunnels, four strong arms, antennae 3
a: Dig, Shaft Self


You were on level 3 of the Dungeon.
You were not hungry.

You visited 1 branch of the dungeon, and saw 3 of its levels.

You collected 124 gold pieces.

Inventory:

Hand Weapons
 b - a +0 short sword
 c - a +0 spear
 j - a cursed -2 whip (weapon)
 m - a +2 vampiric short sword
Missiles
 d - 55 sling bullets
 e - 76 stones (quivered)
 h - 46 arrows
 r - 4 poisoned darts
Armour
 a - a +0 robe (worn)
 f - a +2 cloak (worn)
 i - a scarf of cloud immunity
Scrolls
 g - a scroll of amnesia
 s - a scroll of enchant armour {unknown}
 z - a scroll of identify
Potions
 k - a potion of mutation {unknown}
 l - a potion of flight {unknown}
 n - a potion of invisibility {unknown}
 p - a potion of agility {unknown}
 q - a potion of brilliance {unknown}
Comestibles
 o - 3 chunks of flesh
 v - 7 rations


   Skills:
 - Level 1.7 Dodging
 - Level 2.4 Stealth
 - Level 3.2 Spellcasting
 * Level 4.2 Conjurations
   Level 1.0 Summonings
   Level 0.8 Translocations


You had 3 spell levels left.
You knew the following spells:

 Your Spells              Type           Power        Failure   Level  Hunger
a - Conjure Flame         Conj/Fire      ##......     19%         3    ###....
c - Magic Dart            Conj           ###.         2%          1    None
e - Mephitic Cloud        Conj/Pois/Air  #.......     26%         3    ###....

Your spell library contained the following spells:

 Spells                   Type           Power        Failure   Level  Hunger
 Call Imp                 Summ           #.......     16%         2    ##.....
 Slow                     Hex            #.......     22%         2    ##.....
 Blink                    Tloc           Unusable     N/A         2    N/A

Dungeon Overview and Level Annotations

Branches:
Dungeon (3/15)

Altars:
Elyvilon
Hepliaklqana
Vehumet
Xom

Annotations:
D:2 1 exclusion, Robin
D:3 exclusions: quokka and 1 more exclusion


Innate Abilities, Weirdness & Mutations

You cannot be hasted, slowed, berserked, paralysed or teleported.
You can dig through walls and to a lower floor.
Your four strong arms can wield two-handed weapons with a shield.
You have a pair of large antennae on your head. (SInv)


Message History

The stinking cloud engulfs the centaur but does no damage.
The centaur is engulfed in noxious fumes.
The centaur appears confused.
The centaur is engulfed in noxious fumes.
You retract your mandibles.
You catch the helpless centaur completely off-guard!
You hit the centaur.
The centaur is lightly wounded.
The centaur is engulfed in noxious fumes.
The centaur appears confused.
The centaur unwields a +0 shortbow.
The centaur hits you but does no damage.
You barely miss the centaur.
The centaur is lightly wounded.
The centaur is engulfed in noxious fumes.
The centaur hits you.
The centaur is engulfed in noxious fumes.
The centaur appears confused.
The centaur hits you.
You die...

##..... #.....
####.. #..
######## #.#
######......## #>#
#.#○#......[.####.
##c#..........#...
#@##<....)....#.##
####......c...)...
#...........###
#..........##
##........##
##........##
#..........#
#..........#
#..........#


You could see a centaur (confused).

Vanquished Creatures
  4 adders
  An ooze (D:1)
  An adder zombie (D:3)
  A worm (D:3)
  A leopard gecko (D:2)
  3 giant cockroaches
  17 goblins
  8 hobgoblins
  5 jackals (D:1)
  9 kobolds
  A quokka (D:2)
  A ball python (D:2)
  6 bats
  4 frilled lizards
  4 rats
66 creatures vanquished.

Vanquished Creatures (others)
  A quokka (D:3)
1 creature vanquished.

Grand Total: 67 creatures vanquished

Notes
Turn   | Place    | Note
-------+----------+-------------------------------------------
     0 | D:1      | DildoBatman the Formicid Wizard began the quest for the
                  | Orb.
     0 | D:1      | Reached XP level 1. HP: 13/13 MP: 4/4
     5 | D:1      | Reached skill level 1 in Conjurations
   167 | D:1      | Reached XP level 2. HP: 17/19 MP: 3/6
   217 | D:1      | Reached skill level 2 in Conjurations
   534 | D:1      | Reached XP level 3. HP: 24/24 MP: 4/7
   539 | D:1      | Learned a level 3 spell: Conjure Flame
   543 | D:1      | Learned a level 3 spell: Mephitic Cloud
  1123 | D:2      | Found a radiant altar of Vehumet.
  1331 | D:2      | Reached skill level 3 in Conjurations
  1522 | D:2      | Found a shimmering altar of Xom.
  1526 | D:2      | Found a hazy altar of Hepliaklqana.
  1559 | D:2      | Found a shimmering altar of Xom.
  1823 | D:2      | Reached XP level 4. HP: 25/30 MP: 2/8
  2493 | D:3      | Found a white marble altar of Elyvilon.
  2573 | D:3      | Noticed Robin
  2794 | D:2      | Reached skill level 4 in Conjurations
  2794 | D:2      | Reached XP level 5. HP: 26/35 MP: 3/9
  3278 | D:3      | Noticed a centaur
  3329 | D:3      | Slain by a centaur

Levels and vault maps discovered:
D:1:      dpeg_arrival_shelter, layout_basic
D:2:      layout_loops_ring, overflow_temple_1_default, xom_redecorated,
          lemuel_coloured_pillars_altar, first_ration
D:3:      layout_rooms, cheibriados_altar_1, kennysheep_vampire_church,
          lemuel_crystal_altar, lemuel_doored_altar, elyvilon_altar_4,
          uniq_robin, uniq_sigmund

Skill      XL: |  1  2  3  4 |
---------------+-------------+-----
Conjurations   | 1 2 3 4 |  4.2
Dodging        | |  1.7
Stealth        | |  2.4
Spellcasting   | |  3.2
Summonings     | |  1.0
Translocations | |  0.8

Action                   |  1- 3 |  4- 6 || total
-------------------------+-------+-------++-------
Melee: Short sword       |    27 |       ||    27
       Whip              |    17 |    27 ||    44
Throw: Stone             |     1 |       ||     1
 Cast: Magic Dart        |   101 |    67 ||   168
       Mephitic Cloud    |     1 |     3 ||     4
 Abil: Dig               |       |     3 ||     3
  Use: Scroll            |     2 |     1 ||     3
 Stab: Sleeping          |     1 |       ||     1
       Confused          |       |     1 ||     1
  Eat: Chunk             |     3 |     5 ||     8
Armor: Robe              |    18 |    15 ||    33
Dodge: Dodged            |    38 |    27 ||    65
